 Dungeon Crawl Stone Soup version 0.29-a0-998-g1987434951 (webtiles) character file.

Game seed: 6711323311198275334

233 xian the Conjurer (level 6, -1/32 HPs)
             Began as a Tengu Conjurer on Aug 6, 2022.
             Was a Follower of Okawaru.
             Slain by an ogre
             ... wielding a +0 giant club
              (13 damage)
             ... on level 4 of the Dungeon.
             The game lasted 00:05:43 (3063 turns).

xian the Conjurer (Tengu Conjurer)                  Turns: 3063, Time: 00:05:44

Health: -1/32      AC:  4    Str:  8    XL:     6   Next: 4%
Magic:  4/11       EV: 14    Int: 20    God:    Okawaru [*.....]
Gold:   96         SH:  0    Dex: 12    Spells: 8/11 levels left

rFire   . . .      SeeInvis .   j - +0 dagger
rCold   . . .      Faith    .   (no shield)
rNeg    . . .      Spirit   .   p - +0 leather armour
rPois   .          Reflect  .   (helmet restricted)
rElec   .          Harm     .   e - +0 cloak
rCorr   .          Rampage  .   (no gloves)
Will    .....                   (boots unavailable)
Stlth   ++........              (no amulet)
HPRegen 0.10/turn               (no ring)
MPRegen 0.12/turn               (no ring)

@: flying quickly and evasively, quick
A: beak, talons 3, nimble flight
a: Renounce Religion, Heroism


You were on level 4 of the Dungeon.
You worshipped Okawaru.
Okawaru was aware of your devotion.
You visited 1 branch of the dungeon, and saw 5 of its levels.

You collected 146 gold pieces.
You spent 50 gold pieces at shops.

Inventory:

Hand Weapons
 j - a +0 dagger (weapon)
Armour
 e - a +0 cloak (worn)
 p - a +0 leather armour (worn)
Scrolls
 b - a scroll of silence
 d - 2 scrolls of teleportation
 g - a scroll of butterflies
 h - a scroll of magic mapping {unknown}
 i - a scroll of enchant weapon
 k - a scroll of noise {unknown}
 o - a scroll of amnesia {unknown}
Potions
 f - 2 potions of curing {unknown}
 l - a potion of lignification {unknown}
 m - a potion of heal wounds {unknown}
 n - a potion of might


   Skills:
 + Level 2.6 Dodging
 + Level 3.1 Stealth
 + Level 3.1 Spellcasting
 + Level 7.8 Conjurations


You had 8 spell levels left.
You knew the following spells:

 Your Spells              Type           Power      Damage    Failure   Level
a - Magic Dart            Conj           100%       1d8       1%          1
b - Searing Ray           Conj           68%        2d6       1%          2

Your spell library contained the following spells:

 Spells                   Type           Power      Damage    Failure   Level
 Foxfire                  Conj/Fire      72%        2x1d7     4%          1
 Conjure Flame            Conj/Fire      18%        6-21      12%         3
 Dazzling Flash           Conj/Hex       36%        N/A       12%         3
 Ensorcelled Hibernation  Hex/Ice        6%         N/A       30%         2
 Passwall                 Tmut/Erth      2%         N/A       30%         2
 Flame Wave               Conj/Fire      18%        2d7       38%         4
 Fulminant Prism          Conj/Hex       9%         3d7       38%         4
 Iskenderun's Mystic Bla  Conj/Tloc      18%        2d6       38%         4
 Inner Flame              Hex/Fire       3%         N/A       52%         3
 Portal Projectile        Hex/Tloc       6%         N/A       52%         3
 Swiftness                Air            3%         N/A       52%         3
 Leda's Liquefaction      Hex/Erth       1%         N/A       90%         4
 Call Canine Familiar     Summ           Unusable   N/A       N/A         3

Dungeon Overview and Level Annotations

Branches:
Dungeon (5/15)             Temple (0/1) D:4

Altars:
Okawaru

Shops:
D:2 **[!


Innate Abilities, Weirdness & Mutations

You have a beak for a mouth.
You have claws for feet.
Your magical nature lets you fly swiftly and evasively.


Message History

You can't see any susceptible monsters within range! (Use Z to cast anyway.)
An ogre comes into view. It is wielding a +0 giant club.
Found a scroll labelled LUIQOIT EK ENOI and a scroll of teleportation.
There is an open door here.
Casting: Magic Dart (safe; 1% risk of failure)
Confirm with . or Enter, or press ? or * to list all spells.
Aiming: Searing Ray (safe; 1% risk of failure)
Press: ? - help, Shift-Dir - straight line, f - ogre
Aim: an ogre, wielding a +0 giant club (asleep, 100% to hit)
The searing ray hits the ogre.
The ogre is moderately wounded.
The ogre shouts! (Press . to maintain the ray.)
You hear a shout!
A kobold comes into view. It is wielding a +0 short sword.
The searing ray hits the kobold.
The kobold is severely wounded.
The kobold hits you but does no damage.
The searing ray hits the kobold!
You kill the kobold!
Okawaru accepts your kill.
The searing ray hits the ogre!
The ogre is heavily wounded.
The searing ray hits the ogre!
The ogre is almost dead.
You finish channelling your searing ray.
The ogre closely misses you.
Unknown command.
The ogre hits you with a +0 giant club!!
Ouch! That really hurt!
Casting: Searing Ray (safe; 1% risk of failure)
Confirm with . or Enter, or press ? or * to list all spells.
Aiming: Searing Ray (safe; 1% risk of failure)
Press: ? - help, Shift-Dir - straight line, f/p - ogre
Aim: an ogre, wielding a +0 giant club (severely wounded, 91% to hit)
The searing ray hits the ogre.
The ogre is almost dead. (Press . to maintain the ray.)
The ogre hits you with a +0 giant club!
You die...

+#####..####..#
##'#..####
##....# +....#
##..## ##'##
##..## ##....#
#@..).#
#.O##..## +...
#### #†.. ##??
###


You could see an ogre.

Vanquished Creatures
  A necrophage (D:4)
  A scorpion (D:4)
  An orc priest (D:3)
  An iguana (D:4)
  2 adders (D:2)
  A dart slug (D:1)
  4 orcs (D:3)
  2 bats
  3 endoplasms
  2 goblins
  2 hobgoblins
  3 jackals (D:4)
  3 kobolds
  4 quokkas
  4 ball pythons
  A frilled lizard (D:2)
  2 rats (D:2)
37 creatures vanquished.

Notes
Turn   | Place    | Note
-------+----------+-------------------------------------------
     0 | D:1      | xian the Tengu Conjurer began the quest for the Orb.
     0 | D:1      | Reached XP level 1. HP: 10/10 MP: 4/4
     6 | D:1      | Noticed a scorpion
     6 | D:1      | Noticed a polar bear
     7 | D:1      | Noticed a water moccasin
   263 | D:1      | Found a faded altar of an unknown god.
   349 | D:1      | Reached XP level 2. HP: 15/15 MP: 0/6
   352 | D:1      | Learned a level 2 spell: Searing Ray
  1096 | D:2      | Reached skill level 6 in Conjurations
  1218 | D:2      | Found Feinom's General Store.
  1332 | D:2      | Found Ehuvecwo's Distillery.
  1335 | D:2      | Bought a potion of degeneration for 10 gold pieces
  1335 | D:2      | Bought a potion of might for 40 gold pieces
  1335 | D:2      | Found an iron altar of Okawaru.
  1382 | D:2      | Became a worshipper of Warmaster Okawaru
  1390 | D:2      | Reached XP level 3. HP: 19/19 MP: 1/7
  1502 | D:2      | Found Tuiguek's Antique Armour Emporium.
  1612 | D:2      | Found Guacha's Assorted Antiques.
  2128 | D:3      | Reached XP level 4. HP: 22/24 MP: 2/8
  2184 | D:3      | You fall into a shaft and drop 2 floors!
  2184 | D:5      | Entered Level 5 of the Dungeon
  2299 | D:4      | Found a staircase to the Ecumenical Temple.
  2332 | D:4      | Noticed a necrophage
  2345 | D:4      | HP: 1/23 [necrophage (4)]
  2346 | D:4      | Killed a necrophage
  2347 | D:4      | Reached skill level 7 in Conjurations
  2347 | D:4      | Gained mutation: Your magical nature lets you fly swiftly
                  | and evasively. [Tengu growth]
  2347 | D:4      | Reached XP level 5. HP: 1/28 MP: 5/10
  2948 | D:4      | Reached * piety under Okawaru
  2949 | D:4      | Reached XP level 6. HP: 32/32 MP: 4/11
  3063 | D:4      | Slain by an ogre

Illustrated notes

Levels and vault maps discovered:
D:1:      onia_arrival_zoo_common, layout_basic, basic_ecumenical_altar,
          wad_floor_pattern_untrapped, chequers_jeans
D:2:      layout_basic, basic_altar, serial_shops, nicolae_shop_behind_doors,
          nicolae_shop_hallway_plus, nicolae_shop_behind_doors, shop,
          nicolae_kite_square_tiling_tiny
D:3:      layout_loops_corners, grunt_qazlal_sundering, nicolae_uskayaw_suspiria
D:4:      minmay_bubble_buster, layout_loops_ring, minmay_temple_entry_trees,
          serial_shops, nicolae_shop_advertising_works
          [nicolae_subvault_shop_adworks], lemuel_old_faithful
D:5:      layout_basic

Skill      XL: |  1  2  3  4  5 |
---------------+----------------+-----
Conjurations   | 6 7 |  7.8
Stealth        | 3 |  3.1
Spellcasting   | 3 |  3.1
Dodging        | |  2.6

Action                   |  1- 3 |  4- 6 || total
-------------------------+-------+-------++-------
Melee: Dagger            |     9 |       ||     9
       Kick              |     4 |       ||     4
       Peck              |     1 |       ||     1
 Cast: Magic Dart        |    46 |    15 ||    61
       Searing Ray       |     3 |     7 ||    10
  Use: Potion            |       |     1 ||     1
       Scroll            |       |     4 ||     4
Armor: Robe              |       |     1 ||     1
       Leather armour    |       |     1 ||     1
Dodge: Dodged            |    11 |     6 ||    17

Table legend: (Time is in decaauts)
 A = Elapsed time spent in this place.
 B = Non-inter-level travel time spent in this place.
 C = Inter-level travel time spent in this place.
 D = Time resting spent in this place.
 E = Time spent auto-exploring this place.
 F = Levels seen in this place.
 G = Mean time per level.
                   A        B        C        D        E       F      G
               +--------+--------+--------+--------+--------+-----+--------+
         Total |   3046 |   2973 |     73 |      0 |   2672 |   5 |  609.2 |
       Dungeon |   3046 |   2973 |     73 |      0 |   2672 |   5 |  609.2 |
               +--------+--------+--------+--------+--------+-----+--------+

Top non-repeatable levels by time:
     D:1: 1077 daAuts
     D:2: 828 daAuts
     D:4: 792 daAuts
     D:3: 277 daAuts
     D:5: 70 daAuts
